 Dungeon Crawl Stone Soup version 0.23.2-33-g5129a83184 (webtiles) character file.

Game seed: 16271740792476421002

33431 Frank the Basher (level 13, -15/106 HPs)
             Began as a Demonspawn Fighter on July 18, 2019.
             Was a High Priest of Makhleb.
             Demolished by an ogre
             ... wielding a +0 giant spiked club
              (21 damage)
             ... on level 1 of the Orcish Mines.
             The game lasted 00:26:50 (14797 turns).

Frank the Basher (Demonspawn Fighter)              Turns: 14797, Time: 00:26:51

Health: -15/106    AC: 19    Str: 24    XL:     13   Next: 36%
Magic:  0/18       EV: 12    Int: 14    God:    Makhleb [*****.]
Gold:   1068       SH: 13    Dex: 17    Spells: 12/12 levels left

rFire    + . .     SeeInvis .   t - +5 morningstar
rCold    . . .     Gourm    .   c - +1 shield
rNeg     + + .     Faith    .   v - +6 chain mail of Hepliaklqana's Anger {+Inv rN+}
rPois    .         Spirit   +   (no helmet)
rElec    .         Reflect  .   q - +0 cloak
rCorr    .         Harm     .   (no gloves)
MR       +....                  (boots unavailable)
Stlth    ..........             m - amulet of guardian spirit
HPRegen  0.27/turn              F - ring "Muemugig" {rN+ Str+7 Int+4}
MPRegen  0.16/turn              k - ring of protection from magic

@: very slightly contaminated
A: talons 3, rugged brown scales 1, fire resistance 1
a: Minor Destruction, Lesser Servant of Makhleb, Major Destruction, Greater
Servant of Makhleb, Renounce Religion, Evoke Invisibility


You were on level 1 of the Orcish Mines.
You worshipped Makhleb.
Makhleb was extremely pleased with you.
You were hungry.

You visited 3 branches of the dungeon, and saw 18 of its levels.

You collected 1068 gold pieces.

Inventory:

Hand Weapons
 t - a +5 morningstar (weapon)
Armour
 c - a +1 shield (worn)
 q - a +0 cloak (worn)
 v - the +6 chain mail of Hepliaklqana's Anger (worn) {+Inv rN+}
   (You found it on level 8 of the Dungeon)

   It protects you from negative energy.
   It lets you turn invisible.
Jewellery
 k - a ring of protection from magic (right hand)
 m - an amulet of guardian spirit (around neck)
 F - the ring "Muemugig" (left hand) {rN+ Str+7 Int+4}
   (You found it on level 15 of the Dungeon)

   [ring of positive energy]

   It affects your strength (+7).
   It affects your intelligence (+4).
   It protects you from negative energy.
Wands
 b - a wand of random effects (13)
 d - a wand of iceblast (17)
 n - a wand of acid (10)
 o - a wand of paralysis (11)
 x - a wand of polymorph (6)
Scrolls
 a - a scroll of fear
 g - 7 scrolls of identify
 h - a scroll of remove curse
 y - a scroll of blinking
 z - a scroll of fog
 C - a scroll of amnesia
Potions
 e - 3 potions of haste
 i - 2 potions of magic
 j - a potion of curing
 p - 2 potions of lignification
 s - a potion of ambrosia
 u - a potion of mutation
Miscellaneous
 l - a sack of spiders
Comestibles
 f - 17 rations


   Skills:
 * Level 10.2 Fighting
 + Level 10.4 Maces & Flails
 + Level 7.4 Armour
 * Level 7.9 Dodging
 + Level 8.0 Shields
 * Level 8.0 Unarmed Combat
 * Level 7.1 Evocations


You had 12 spell levels left.
You didn't know any spells.
Your spell library contained the following spells:

 Spells                   Type           Power        Failure   Level  Hunger
 Magic Dart               Conj           #...         99%         1    ##.....
 Sting                    Conj/Pois      #...         99%         1    ##.....
 Blink                    Tloc           N/A          100%        2    ###....
 Call Imp                 Summ           #.......     100%        2    ###....
 Poisonous Vapours        Pois/Air       #.....       100%        2    ###....
 Slow                     Hex            #.......     100%        2    ###....
 Conjure Flame            Conj/Fire      #.......     100%        3    ####...
 Mephitic Cloud           Conj/Pois/Air  #.......     100%        3    ####...
 Olgreb's Toxic Radiance  Pois           #.......     100%        4    #####..
 Venom Bolt               Conj/Pois      #.........   100%        5    ######.


Dungeon Overview and Level Annotations

Branches:
Dungeon (15/15)            Temple (1/1) D:6            Lair (0/6) D:11
    Orc (2/2) D:12
    Elf: Orc:2       Vaults: D:13-14     Depths: D:15

Altars:
Ashenzari
Cheibriados
Dithmenos
Elyvilon
Fedhas
Gozag
Hepliaklqana
Kikubaaqudgha
Makhleb
Nemelex Xobeh
Okawaru
Qazlal
Ru
Sif Muna
Trog
Uskayaw
Vehumet
Wu Jian
Xom
Yredelemnul
Zin
The Shining One

Shops:
Orc:1 [   Orc:2 (}

Annotations:
D:7 1 transporter
D:13 1 runed translucent door, bmj180's ghost, journeyman MiFi


Innate Abilities, Weirdness & Mutations

You have claws for feet.
You are partially covered in rugged brown scales. (AC +1, +3% HP)
Your flesh is heat resistant. (rF+)


Message History

The large rock hits you!
* * * LOW HITPOINT WARNING * * *
Blink to where?
Press: ? - help, Dir - move target cursor You are very lightly contaminated with residual magic.
As you read the scroll of blinking, it crumbles to dust.
The ogre mage hits you from afar with a +0 spear.
* * * LOW HITPOINT WARNING * * *
The ogre closely misses you. The gnoll barely misses you.
You climb upwards.
There is a stone staircase leading down here.
You see here 4 tomahawks.
You hit the ogre. You claw the ogre.
The ogre is moderately wounded.
The ogre hits you with a +0 giant spiked club!
* * * LOW HITPOINT WARNING * * *
You thump the ogre! You claw the ogre!
The ogre is almost dead.
The ogre hits you with a +0 giant spiked club!!
You die...

#.##.#.......#.###...##
###..........#####....#
##.#.....#####......##
#####..#####........###
##.####............#
#...##..(...###..#####
##.###.......#.#..#..##
####.....O#####......#
##....@÷.#......###
###.[.(.......##
##..÷......##
##........# #.......##
###....## ##..## ####


You could see an ogre.

Vanquished Creatures
  A hydra (D:12)
  A centaur warrior (D:15)
  10 two-headed ogres
  A tengu warrior (D:13)
  An orc high priest (Orc:2)
  Nergalle (Orc:1)
  2 unseen horrors (D:11)
  A deep troll (Orc:2)
  2 deep elf magi
  4 ugly things (D:11)
  A manticore (D:11)
  2 orc sorcerers
  2 cyclopes
  Maurice (D:9)
  Joseph (D:7)
  A kobold demonologist (D:11)
  2 komodo dragons
  A freezing wraith (D:15)
  13 trolls
  Grinder (D:5)
  A hornet (D:12)
  Prince Ribbit (D:7)
  3 hippogriffs
  3 wyverns
  4 wraiths (D:8)
  A shadow (D:13)
  7 yaks
  Eustachio (D:4)
  A basilisk (D:12)
  A hungry ghost (D:13)
  2 wargs (Orc:2)
  Menkaure (D:4)
  Edmund (D:5)
  A water moccasin (D:10)
  A soldier ant (D:11)
  Duvessa (D:5)
  6 orc warriors
  3 ice beasts
  An eye of draining (D:15)
  5 phantoms
  A sky beast (D:10)
  14 ogres
  7 centaurs
  Blork the orc (D:5)
  5 bullfrogs
  A gnoll sergeant (D:10)
  A water moccasin zombie (D:9)
  36 killer bees
  Dowan (D:5)
  7 wights (D:7)
  2 electric eels (D:13)
  2 howler monkeys (D:11)
  4 crimson imps
  A bullfrog zombie (D:5)
  A bullfrog skeleton (D:4)
  3 centaur zombies
  7 orc priests
  Crazy Yiuf (D:7)
  8 hounds
  7 human zombies (D:8)
  7 centaur skeletons
  4 jellies
  16 orc wizards
  An iguana (D:11)
  Terence (D:2)
  10 worker ants
  An ogre skeleton (D:8)
  A hound zombie (D:5)
  A hound skeleton (D:6)
  3 worker ant zombies
  Robin (D:2)
  16 gnolls
  11 adders
  2 shadow imps
  2 oozes
  A dart slug (D:4)
  7 leopard geckos
  65 orcs
  4 giant cockroaches
  15 goblins
  5 hobgoblins
  14 jackals
  3 quokkas
  2 ball pythons
  9 bats
  9 frilled lizards
  A jackal skeleton (D:4)
  17 kobolds
  A quokka skeleton (D:3)
  A quokka zombie (D:9)
  6 rats
  A plant (D:11)
442 creatures vanquished.

Vanquished Creatures (others)
  A plant (D:2)
1 creature vanquished.

Grand Total: 443 creatures vanquished

Notes
Turn   | Place    | Note
-------+----------+-------------------------------------------
     0 | D:1      | Frank the Demonspawn Fighter began the quest for the Orb.
     0 | D:1      | Reached XP level 1. HP: 18/18 MP: 1/1
   481 | D:1      | Gained mutation: You have sharp toenails. [demonic
                  | ancestry]
   481 | D:1      | Reached XP level 2. HP: 21/24 MP: 2/2
   637 | D:1      | Found a sparkling altar of Nemelex Xobeh.
   931 | D:2      | Noticed Robin
   976 | D:2      | Killed Robin
   976 | D:2      | Reached XP level 3. HP: 10/29 MP: 3/3
  1400 | D:2      | Found a glowing silver altar of Zin.
  1540 | D:2      | Noticed Terence
  1557 | D:2      | Killed Terence
  1557 | D:2      | Reached skill level 1 in Dodging
  1557 | D:2      | Reached skill level 1 in Unarmed Combat
  1557 | D:2      | Gained mutation: You have razor-sharp toenails. [demonic
                  | ancestry]
  1557 | D:2      | Reached XP level 4. HP: 24/35 MP: 4/4
  2099 | D:2      | Found a faded altar of an unknown god.
  2399 | D:3      | Gained mutation: You are partially covered in rugged brown
                  | scales. (AC +1, +3% HP) [demonic ancestry]
  2399 | D:3      | Reached XP level 5. HP: 24/43 MP: 5/5
  2858 | D:3      | Reached XP level 6. HP: 47/49 MP: 6/6
  3662 | D:4      | Gained mutation: You have claws for feet. [demonic
                  | ancestry]
  3662 | D:4      | Reached XP level 7. HP: 18/55 MP: 3/7
  3888 | D:4      | Noticed a troll
  4124 | D:4      | Killed a troll
  4260 | D:4      | Noticed Menkaure
  4268 | D:4      | Killed Menkaure
  4413 | D:4      | Reached XP level 8. HP: 55/62 MP: 8/8
  4446 | D:4      | Noticed Eustachio
  4462 | D:4      | Killed Eustachio
  4577 | D:4      | Reached skill level 5 in Maces & Flails
  4600 | D:4      | Found a hide-covered altar of Uskayaw.
  4909 | D:5      | Entered Level 5 of the Dungeon
  4909 | D:5      | Noticed Edmund
  4919 | D:5      | Killed Edmund
  4919 | D:5      | Reached skill level 5 in Fighting
  5251 | D:5      | Noticed Grinder
  5271 | D:5      | Killed Grinder
  5676 | D:5      | Noticed Blork the orc
  5688 | D:5      | Killed Blork the orc
  5762 | D:5      | Reached XP level 9. HP: 52/71 MP: 9/9
  6130 | D:5      | Noticed Dowan
  6130 | D:5      | Noticed Duvessa
  6149 | D:5      | Killed Dowan
  6153 | D:5      | Killed Duvessa
  6283 | D:5      | Found a sacrificial altar of Ru.
  6612 | D:6      | Reached skill level 5 in Armour
  6619 | D:6      | Reached skill level 5 in Shields
  6716 | D:6      | Found a staircase to the Ecumenical Temple.
  6841 | Temple   | Entered the Ecumenical Temple
  6894 | Temple   | Became a worshipper of Makhleb the Destroyer
  7082 | D:7      | HP: 3/72 [poisoned by a killer bee]
  7090 | D:7      | HP: 3/72 [poisoned by a killer bee]
  7413 | D:7      | Found a transporter.
  7481 | D:7      | Reached skill level 1 in Evocations
  7630 | D:7      | Noticed Prince Ribbit
  7639 | D:7      | Killed Prince Ribbit
  7645 | D:7      | Found a runed translucent door.
  7646 | D:7      | Noticed Crazy Yiuf
  7789 | D:7      | Reached * piety under Makhleb
  7789 | D:7      | Reached XP level 10. HP: 24/79 MP: 5/11
  7793 | D:7      | Reached skill level 5 in Unarmed Combat
  7857 | D:7      | Reached skill level 5 in Dodging
  8139 | D:7      | Found a transporter.
  8364 | D:7      | Noticed Joseph
  8384 | D:7      | Killed Joseph
  8486 | D:7      | Killed Crazy Yiuf
  9144 | D:8      | Found a shattered altar of Ashenzari.
  9158 | D:8      | Found an opulent altar of Gozag.
  9445 | D:8      | Reached ** piety under Makhleb
  9471 | D:8      | Found a basalt altar of Yredelemnul.
 10188 | D:8      | Got a bronze chain mail
 10199 | D:8      | Identified the +6 chain mail of Hepliaklqana's Anger {+Inv
                  | rN+} (You found it on level 8 of the Dungeon)
 10512 | D:9      | Noticed a two-headed ogre
 10513 | D:9      | Noticed a two-headed ogre
 10525 | D:9      | Killed a two-headed ogre
 10529 | D:9      | Gained mutation: Your flesh is heat resistant. (rF+)
                  | [demonic ancestry]
 10529 | D:9      | Reached XP level 11. HP: 21/87 MP: 3/13
 10536 | D:9      | Killed a two-headed ogre
 10735 | D:9      | Noticed Maurice
 10749 | D:9      | Killed Maurice
 10749 | D:9      | Reached *** piety under Makhleb
 10924 | D:9      | Noticed a deep elf mage
 10931 | D:9      | Killed a deep elf mage
 11096 | D:10     | Entered Level 10 of the Dungeon
 11750 | D:11     | Noticed a cyan ugly thing
 11769 | D:11     | Killed a cyan ugly thing
 11860 | D:11     | Noticed a red ugly thing
 11871 | D:11     | Killed a red ugly thing
 11972 | D:11     | Noticed a green ugly thing
 11981 | D:11     | Killed a green ugly thing
 11991 | D:11     | Noticed a cyan ugly thing
 12001 | D:11     | Killed a cyan ugly thing
 12128 | D:11     | Reached skill level 5 in Evocations
 12141 | D:11     | Reached **** piety under Makhleb
 12168 | D:11     | Found a staircase to the Lair.
 12283 | D:11     | Reached XP level 12. HP: 92/97 MP: 15/15
 12860 | D:12     | Noticed a six-headed hydra
 12900 | D:12     | Killed a six-headed hydra
 13143 | D:12     | You fall through a shaft for 3 floors!
 13143 | D:15     | Entered Level 15 of the Dungeon
 13145 | D:15     | Got a smoking iron ring
 13214 | D:15     | Noticed a centaur warrior
 13223 | D:15     | Killed a centaur warrior
 13561 | D:13     | Noticed a tengu warrior
 13576 | D:13     | Killed a tengu warrior
 13595 | D:13     | Noticed a two-headed ogre
 13604 | D:13     | Killed a two-headed ogre
 13681 | D:12     | Found a staircase to the Orcish Mines.
 13693 | D:12     | Identified the ring "Muemugig" {rN+ Str+7 Int+4} (You found
                  | it on level 15 of the Dungeon)
 13768 | D:13     | Found a runed translucent door.
 13771 | D:13     | Noticed bmj180's ghost (journeyman MiFi)
 13820 | D:13     | Reached ***** piety under Makhleb
 14050 | D:13     | Reached skill level 10 in Maces & Flails
 14135 | Orc:1    | Entered Level 1 of the Orcish Mines
 14158 | Orc:1    | Noticed Nergalle
 14180 | Orc:1    | Killed Nergalle
 14239 | Orc:1    | Found Iluck's Antique Armour Shoppe.
 14457 | Orc:2    | Entered Level 2 of the Orcish Mines
 14457 | Orc:2    | Found Ettubb's Weapon Emporium.
 14500 | Orc:2    | Noticed an orc high priest
 14509 | Orc:2    | Killed an orc high priest
 14531 | Orc:2    | Reached XP level 13. HP: 62/106 MP: 7/17
 14685 | Orc:2    | Found Coal's Gadget Shoppe.
 14727 | Orc:2    | Reached skill level 10 in Fighting
 14797 | Orc:1    | Demolished by an ogre

Skill      XL: |  1  2  3  4  5  6  7  8  9 10 11 12 13 |
---------------+----------------------------------------+-----
Maces & Flails | 2 3 4 5 6 7 9 10 | 10.4
Shields        | 3 4 5 6 7 8 |  8.0
Armour         | 3 4 5 6 7 |  7.4
Dodging        | 1 2 3 4 5 6 7 |  7.9
Unarmed Combat | 1 2 3 4 5 6 7 8 |  8.0
Fighting       | 4 5 6 7 9 10 | 10.2
Evocations     | 1 3 5 6 7 |  7.1

Action                   |  1- 3 |  4- 6 |  7- 9 | 10-12 | 13-15 || total
-------------------------+-------+-------+-------+-------+-------++-------
Melee: Flail             |   128 |   247 |   406 |    27 |       ||   808
       Kick              |    20 |    67 |   132 |   296 |    51 ||   566
       Morningstar       |       |       |       |   830 |    97 ||   927
Evoke: Wand              |       |       |       |     9 |       ||     9
  Use: Scroll            |     3 |     4 |     7 |    20 |     1 ||    35
       Potion            |       |     1 |     5 |     7 |       ||    13
 Stab: Paralysed         |       |       |       |     4 |       ||     4
  Eat: Chunk             |     2 |     7 |    11 |    14 |     1 ||    35
       Ration            |       |       |     1 |     3 |       ||     4
Armor: Scale mail        |    64 |   138 |   134 |    64 |       ||   400
       Chain mail        |       |       |       |   444 |    39 ||   483
Dodge: Dodged            |    40 |   102 |   150 |   423 |    37 ||   752
Block: Shield            |    71 |   142 |   261 |   677 |    75 ||  1226
